AoeStats
← Hekimoglu

Black Forest

510199065Analyzed
4v4 RM · 3d ago on Sep 29, 2026· 32m 28s· 8 players
Game mode
Random Map
Map size
Large (8 player)
Population
200
Speed
Normal
Resources
Standard
Victory
Conquest
Starting age
Dark Age
Ending age
Imperial Age
RankedLock teamsTeams togetherTeam positionsShared explorationLock speedFull tech treeHidden civsTurbo modeCheats
Victory
Defeat
🇦🇷 Goths · Argentina
1413
+11
🇦🇷 Burmese · Argentina
1346
+13
🇨🇴 Cumans · Colombia
1335
+14
🇨🇱 Bohemians · Chile
1198
+20
🇹🇷 Turks · Türkiye
1325
-16
🇧🇦 Persians · Bosnia & Herzegovina
1297
-15
🇮🇪 Britons · Ireland
1289
-14
🇹🇷 Goths · Türkiye
1242
-13
Lexi ní Anord
0:31 Loom
12:41 Feudal Age
14:25 Double-Bit Axe
16:32 Wheelbarrow
16:27 Fletching
18:17 Padded Archer Armor
19:30 Horse Collar
28:12 Castle Age
29:00 Bodkin Arrow
28:26 Crossbowman
31:02 Hand Cart
Hekimoglu
3:33 Loom
11:34 Feudal Age
23:17 Double-Bit Axe
28:39 Castle Age
26:44 Horse Collar
29:32 Bow Saw
EşrefÇift
0:57 Loom
11:05 Feudal Age
15:33 Castle Age
14:17 Double-Bit Axe
16:10 Wheelbarrow
16:50 Bow Saw
16:33 Horse Collar
19:29 Gold Mining
26:59 Pikeman
27:40 Squires
28:01 Heavy Plow
1godi
10:21 Feudal Age
14:34 Castle Age
13:30 Double-Bit Axe
13:27 Horse Collar
17:31 Gold Mining
21:53 Wheelbarrow
22:00 Bow Saw
21:57 Heavy Plow
24:38 Loom
27:57 Scale Barding Armor
28:37 Gold Shaft Mining
28:33 Stone Mining
29:54 Chain Barding Armor
29:50 Bloodlines
29:52 Forging
32:39 Iron Casting
33:08 Stone Shaft Mining
LRNI_Ghost-Jhon
10:08 Feudal Age
9:57 Loom
10:43 Double-Bit Axe
15:38 Fletching
28:51 Castle Age
27:22 Scale Barding Armor
28:25 Forging
28:56 Bloodlines
29:33 Wheelbarrow
32:02 Chain Barding Armor
LRNI | Moises
11:00 Feudal Age
11:48 Loom
12:22 Double-Bit Axe
14:55 Castle Age
14:01 Horse Collar
15:46 Bow Saw
21:37 Fletching
25:03 Wheelbarrow
27:50 Forging
30:18 Iron Casting
30:02 Wagenburg Tactics
29:59 Bodkin Arrow
31:24 Scale Barding Armor
33:16 Chain Barding Armor
LRNI_altoguiso
3:56 Loom
11:05 Feudal Age
11:12 Man-at-Arms
17:41 Forging
18:31 Scale Mail Armor
29:17 Castle Age
29:25 Long Swordsman
30:23 Squires
32:28 Iron Casting
33:11 Chain Mail Armor
LRNI_PanBailarin
0:47 Loom
9:43 Feudal Age
9:44 Man-at-Arms
17:29 Fletching
23:35 Castle Age
22:35 Horse Collar
24:27 Heavy Plow
24:20 Gold Mining
25:18 Scale Barding Armor
26:51 Chain Barding Armor
28:12 Husbandry
Connection lost

Rejoining the realm…

Still unreachable

The connection could not be restored.

Session expired

The server has moved on; the page needs a fresh start.